MLB
CHICAGO WHITE SOX @ DETROIT TIGERS
09/25/2020
 
TOP OF THE 1ST
Chicago White Sox batting - Pitching for Detroit Tigers : RHP Jacob deGrom
Pitching: RHP Jacob deGrom
Batting: LHB Zack Granite 0-0: Called Strike
0-1: Swinging Strike
0-2: Ground out 3-1 (Groundball, 34, EV 98.8 MPH)
Batting: LHB Charlie Tilson 0-0: Called Strike
0-1: Foul Ball, location: 2F
0-2: Strikes out swinging
Batting: LHB Jason Heyward 0-0: Called Strike
0-1: Fly out, F4 (Flyball, 3D, EV 81.9 MPH)
Top of the 1st over - 0 runs, 0 hits, 0 errors, 0 left on base; Chicago 0 - Detroit 0
BOTTOM OF THE 1ST
Detroit Tigers batting - Pitching for Chicago White Sox : RHP Aaron Wilkerson
Pitching: RHP Aaron Wilkerson
Batting: RHB Starling Marte 0-0: Ball
1-0: Fly out, F4 (Popup, 4D, EV 71.9 MPH)
Batting: LHB Kolten Wong 0-0: Called Strike
0-1: Ball
1-1: Ball
2-1: Foul Ball, location: 2F
2-2: Ball
3-2: SOLO HOME RUN (Flyball, 7D, EV 100.6 MPH), Distance : 396 ft
Batting: RHB Jake Marisnick 0-0: Ball
1-0: Fly out, F4 (Flyball, 3D, EV 81.9 MPH)
Batting: RHB George Springer 0-0: Ball
1-0: Ball
2-0: Ball
3-0: Base on Balls
Batting: RHB Jose Abreu 0-0: Called Strike
0-1: Foul Ball, location: 2F
0-2: Foul Ball, location: 2F
0-2: Ball
1-2: Ball
Wild Pitch!
George Springer to second
2-2: Strikes out swinging
Bottom of the 1st over - 1 run, 1 hit, 0 errors, 1 left on base; Chicago 0 - Detroit 1
TOP OF THE 2ND
Chicago White Sox batting - Pitching for Detroit Tigers : RHP Jacob deGrom
Batting: LHB Andrew Toles 0-0: Ball
1-0: Ground out U3 (Groundball, 3S, EV 85.6 MPH)
Batting: RHB Drew Jackson 0-0: Called Strike
0-1: Called Strike
0-2: Strikes out swinging
Batting: LHB Nick Gordon 0-0: TRIPLE (Flyball, 78XD, EV 90.0 MPH)
Batting: RHB Wilfredo Tovar 0-0: Called Strike
0-1: Ball
1-1: Ball
2-1: SINGLE (Groundball, 6D, EV 97.5 MPH)
Nick Gordon scores
Batting: RHB A.J. Simcox 0-0: Called Strike
0-1: Ground out 5-3 (Groundball, 56S, EV 81.3 MPH)
Top of the 2nd over - 1 run, 2 hits, 0 errors, 1 left on base; Chicago 1 - Detroit 1
BOTTOM OF THE 2ND
Detroit Tigers batting - Pitching for Chicago White Sox : RHP Aaron Wilkerson
Batting: RHB Khris Davis 0-0: Called Strike
0-1: Ball
1-1: Ball
2-1: Foul Ball, location: 2F
2-2: Foul Ball, location: 2F
2-2: Ball
3-2: Strikes out looking
Batting: RHB J.T. Realmuto 0-0: Fly out, F7 (Line Drive, 7D, EV 89.4 MPH)
Batting: RHB J.D. Davis 0-0: Fly out, F7 (Line Drive, 7D, EV 106.3 MPH)
Bottom of the 2nd over - 0 runs, 0 hits, 0 errors, 0 left on base; Chicago 1 - Detroit 1
TOP OF THE 3RD
Chicago White Sox batting - Pitching for Detroit Tigers : RHP Jacob deGrom
Batting: RHB Jose Trevino 0-0: Called Strike
0-1: Foul Ball, location: 2F
0-2: Strikes out swinging
Batting: LHB Zack Granite 0-0: Fly out, F8 (Flyball, 8LD, EV 100.6 MPH)
Batting: LHB Charlie Tilson 0-0: Swinging Strike
0-1: Foul Ball, location: 2F
0-2: Strikes out swinging
Top of the 3rd over - 0 runs, 0 hits, 0 errors, 0 left on base; Chicago 1 - Detroit 1
BOTTOM OF THE 3RD
Detroit Tigers batting - Pitching for Chicago White Sox : RHP Aaron Wilkerson
Batting: RHB Nick Madrigal 0-0: Called Strike
0-1: Foul Ball, location: 2F
0-2: Ball
1-2: DOUBLE (Line Drive, 7LD, EV 106.9 MPH)
Batting: RHB Starling Marte 0-0: Fly out, F3 (Line Drive, 3, EV 66.3 MPH)
Batting: LHB Kolten Wong 0-0: Ball
1-0: Fly out, F8 (Line Drive, 8LM, EV 89.4 MPH)
Batting: RHB Jake Marisnick 0-0: Called Strike
0-1: Hit by Pitch
Batting: RHB George Springer 0-0: Swinging Strike
0-1: Foul Ball, location: 2F
0-2: SINGLE (Groundball, 6D, EV 109.4 MPH)
Nick Madrigal to third
Jake Marisnick to second
Runner from 3rd tries for Home, SAFE, throw by LF to home
Batting: RHB Jose Abreu 0-0: Called Strike
0-1: Ball
1-1: Ball
2-1: Fly out, F9 (Flyball, 9S, EV 96.3 MPH)
Bottom of the 3rd over - 1 run, 2 hits, 0 errors, 2 left on base; Chicago 1 - Detroit 2
TOP OF THE 4TH
Chicago White Sox batting - Pitching for Detroit Tigers : RHP Jacob deGrom
Batting: LHB Jason Heyward 0-0: Called Strike
0-1: Ground out 4-3 (Groundball, 34, EV 86.3 MPH)
Batting: LHB Andrew Toles 0-0: Called Strike
0-1: Ball
1-1: Swinging Strike
1-2: Foul Ball, location: 2F
1-2: Strikes out swinging
Batting: RHB Drew Jackson 0-0: Foul Ball, location: 2F
0-1: Ball
1-1: Swinging Strike
1-2: Ground out 6-3 (Groundball, 6, EV 81.3 MPH)
Top of the 4th over - 0 runs, 0 hits, 0 errors, 0 left on base; Chicago 1 - Detroit 2
BOTTOM OF THE 4TH
Detroit Tigers batting - Pitching for Chicago White Sox : RHP Aaron Wilkerson
Batting: RHB Khris Davis 0-0: Ball
1-0: DOUBLE (Line Drive, 9LM, EV 107.5 MPH)
Batting: RHB J.T. Realmuto 0-0: Called Strike
0-1: Ball
1-1: Ball
2-1: Called Strike
2-2: Foul Ball, location: 2F
2-2: Ground out 5-3 (Groundball, 56S, EV 70.0 MPH)
Khris Davis to third
Pitching: RHP Jacob Rhame
Batting: RHB J.D. Davis 0-0: Foul Ball, location: 2F
0-1: Foul Ball, location: 2F
0-2: Fly out, F3 (Popup, 3L, EV 66.3 MPH)
Batting: RHB Nick Madrigal 0-0: Ball
1-0: Ball
2-0: Ball
Wild Pitch!
Khris Davis scores
3-0: Base on Balls
Batting: RHB Starling Marte 0-0: Called Strike
0-1: DOUBLE (Groundball, 5L, EV 110.0 MPH)
Nick Madrigal to third
Runner from 3rd tries for Home, SAFE, no throw by LF
Batting: LHB Kolten Wong 0-0: Ball
1-0: Ball
2-0: Ball
3-0: Base on Balls
Batting: RHB Jake Marisnick 0-0: Ball
1-0: Called Strike
1-1: 3-RUN HOME RUN (Flyball, 7LD, EV 107.5 MPH), Distance : 370 ft
Pitching: RHP Bryan Shaw
Batting: RHB George Springer 0-0: Ball
1-0: Ball
2-0: Ball
3-0: Base on Balls
Batting: RHB Jose Abreu 0-0: Called Strike
0-1: Ball
1-1: Called Strike
1-2: Ball
2-2: Ball
3-2: Foul Ball, location: 2F
3-2: SINGLE (Line Drive, 5D, EV 98.8 MPH)
George Springer to second
George Springer to third
Batting: RHB Khris Davis 0-0: Called Strike
0-1: Fly out, F9 (Flyball, 9LM, EV 96.3 MPH)
Bottom of the 4th over - 5 runs, 4 hits, 0 errors, 2 left on base; Chicago 1 - Detroit 7
TOP OF THE 5TH
Chicago White Sox batting - Pitching for Detroit Tigers : RHP Jacob deGrom
Batting: LHB Nick Gordon 0-0: Foul Ball, location: 2F
0-1: Ball
1-1: Ball
2-1: Foul Ball, location: 2F
2-2: Ball
3-2: Ground out 4-3 (Groundball, 4, EV 110.6 MPH)
Batting: RHB Wilfredo Tovar 0-0: Ball
1-0: Ball
2-0: Called Strike
2-1: Swinging Strike
2-2: SINGLE (Groundball, 6MD, EV 103.8 MPH)
Batting: RHB A.J. Simcox 0-0: Called Strike
0-1: Fly out, F4 (Flyball, 34D, EV 87.5 MPH)
Batting: RHB Jose Trevino 0-0: Called Strike
0-1: Ball
1-1: Swinging Strike
1-2: Foul Ball, location: 2F
1-2: Foul Ball, location: 2F
1-2: Strikes out swinging
Top of the 5th over - 0 runs, 1 hit, 0 errors, 1 left on base; Chicago 1 - Detroit 7
BOTTOM OF THE 5TH
Detroit Tigers batting - Pitching for Chicago White Sox : RHP Bryan Shaw
Batting: RHB J.T. Realmuto 0-0: Called Strike
0-1: Ground out 5-3 (Groundball, 56, EV 92.5 MPH)
Batting: RHB J.D. Davis 0-0: Foul Ball, location: 2F
0-1: Called Strike
0-2: Foul Ball, location: 2F
0-2: Strikes out looking
Batting: RHB Nick Madrigal 0-0: Foul Ball, location: 2F
0-1: Fly out, F8 (Line Drive, 8RD, EV 108.8 MPH)
Bottom of the 5th over - 0 runs, 0 hits, 0 errors, 0 left on base; Chicago 1 - Detroit 7
TOP OF THE 6TH
Chicago White Sox batting - Pitching for Detroit Tigers : RHP Jacob deGrom
Batting: LHB Zack Granite 0-0: Called Strike
0-1: Swinging Strike
0-2: Foul Ball, location: 2F
0-2: Ground out 4-3 (Groundball, 4MD, EV 106.3 MPH)
Batting: LHB Charlie Tilson 0-0: Foul Ball, location: 2F
0-1: Swinging Strike
0-2: Strikes out swinging
Batting: LHB Jason Heyward 0-0: Called Strike
0-1: Ball
1-1: Ball
2-1: Foul Ball, location: 2F
2-2: Strikes out swinging
Top of the 6th over - 0 runs, 0 hits, 0 errors, 0 left on base; Chicago 1 - Detroit 7
BOTTOM OF THE 6TH
Detroit Tigers batting - Pitching for Chicago White Sox : RHP Bryan Shaw
Batting: RHB Starling Marte 0-0: Ball
1-0: Ball
2-0: Ball
3-0: Called Strike
3-1: SOLO HOME RUN (Flyball, 9D, EV 95.6 MPH), Distance : 389 ft
Pitching: RHP Yusmeiro Petit
Batting: LHB Kolten Wong 0-0: Ball
1-0: Ball
2-0: Swinging Strike
2-1: Ball
3-1: Ground out 4-3 (Groundball, 13, EV 86.9 MPH)
Batting: RHB Jake Marisnick 0-0: Ball
1-0: Foul Ball, location: 2F
1-1: Ball
2-1: Ball
3-1: Foul Ball, location: 2F
3-2: Foul Ball, location: 2F
3-2: Base on Balls
Batting: RHB George Springer 0-0: Called Strike
0-1: Foul Ball, location: 2F
0-2: Ball
1-2: SINGLE (Line Drive, 4D, EV 109.4 MPH)
Jake Marisnick to second
Batting: RHB Jose Abreu 0-0: Foul Ball, location: 2F
0-1: Ball
1-1: SINGLE (Line Drive, 5D, EV 95.0 MPH)
Jake Marisnick to third
George Springer to second
Pitching: LHP Anderson Severino
Batting: RHB Khris Davis 0-0: Foul Ball, location: 2F
0-1: Ball
1-1: Ball
2-1: Ball
3-1: Called Strike
3-2: Foul Ball, location: 2F
3-2: Foul Ball, location: 2F
3-2: Strikes out looking
Batting: RHB J.T. Realmuto 0-0: Foul Ball, location: 2F
0-1: Foul Ball, location: 2F
0-2: Ball
1-2: Ball
2-2: Ball
3-2: Foul Ball, location: 2F
3-2: Base on Balls
Jake Marisnick scores
George Springer to third
Jose Abreu to second
Batting: RHB J.D. Davis 0-0: Ball
1-0: Swinging Strike
1-1: Ball
2-1: Ball
3-1: Swinging Strike
3-2: Foul Ball, location: 2F
3-2: SINGLE (Groundball, 6MS, EV 69.4 MPH) (infield hit)
George Springer scores
Jose Abreu to third
J.T. Realmuto to second
Pitching: RHP Trey Cochran-Gill
Batting: RHB Nick Madrigal 0-0: Ball
1-0: Ball
2-0: Ball
3-0: Called Strike
3-1: Base on Balls
Jose Abreu scores
J.T. Realmuto to third
J.D. Davis to second
Batting: RHB Starling Marte 0-0: SINGLE (Groundball, 6D, EV 103.8 MPH)
J.T. Realmuto scores
J.D. Davis to third
Nick Madrigal to second
Runner from 3rd tries for Home, SAFE, throw by CF to home
Batting: LHB Kolten Wong 0-0: Called Strike
0-1: Ball
1-1: Swinging Strike
1-2: Fly out, F4 (Flyball, 34D, EV 81.9 MPH)
Bottom of the 6th over - 6 runs, 5 hits, 0 errors, 2 left on base; Chicago 1 - Detroit 13
TOP OF THE 7TH
Chicago White Sox batting - Pitching for Detroit Tigers : RHP Jacob deGrom
Batting: LHB Andrew Toles 0-0: Ball
1-0: Foul Ball, location: 2F
1-1: Ball
2-1: Ball
3-1: Called Strike
3-2: Strikes out swinging
Batting: RHB Drew Jackson 0-0: Called Strike
0-1: Ball
1-1: Ball
2-1: Ball
3-1: Base on Balls
Batting: LHB Nick Gordon 0-0: Foul Ball, location: 2F
0-1: Called Strike
0-2: Foul Ball, location: 2F
0-2: Fly out, F4 (Line Drive, 4, EV 65.0 MPH)
Batting: RHB Wilfredo Tovar 0-0: Ball
1-0: Called Strike
1-1: Fly out, F9 (Line Drive, 9, EV 99.4 MPH)
Top of the 7th over - 0 runs, 0 hits, 0 errors, 1 left on base; Chicago 1 - Detroit 13
BOTTOM OF THE 7TH
Detroit Tigers batting - Pitching for Chicago White Sox : RHP Trey Cochran-Gill
Batting: RHB Jake Marisnick 0-0: Ball
1-0: Fly out, F9 (Flyball, 89M, EV 73.8 MPH)
Batting: RHB George Springer 0-0: Ball
1-0: Foul Ball, location: 2F
1-1: Swinging Strike
1-2: Fly out, F7 (Flyball, 7D, EV 95.6 MPH)
Batting: RHB Jose Abreu 0-0: Called Strike
0-1: Swinging Strike
0-2: Strikes out swinging
Bottom of the 7th over - 0 runs, 0 hits, 0 errors, 0 left on base; Chicago 1 - Detroit 13
TOP OF THE 8TH
Chicago White Sox batting - Pitching for Detroit Tigers : RHP Jacob deGrom
Pitching: RHP Taylor Widener
Batting: RHB A.J. Simcox 0-0: Ground out 5-3 (Groundball, 56, EV 110.0 MPH)
Batting: RHB Jose Trevino 0-0: Fly out, F3 (Popup, 34, EV 56.9 MPH)
Batting: LHB Zack Granite 0-0: Foul Ball, location: 2F
0-1: Called Strike
0-2: Ground out 5-3 (Groundball, 56S, EV 61.9 MPH)
Top of the 8th over - 0 runs, 0 hits, 0 errors, 0 left on base; Chicago 1 - Detroit 13
BOTTOM OF THE 8TH
Detroit Tigers batting - Pitching for Chicago White Sox : RHP Trey Cochran-Gill
Pitching: RHP Addison Reed
Batting: RHB Khris Davis 0-0: SINGLE (Groundball, 56S, EV 71.9 MPH) (infield hit)
Batting: RHB J.T. Realmuto 0-0: Ball
1-0: 2-RUN HOME RUN (Flyball, 7D, EV 101.9 MPH), Distance : 403 ft
Batting: RHB J.D. Davis 0-0: Foul Ball, location: 2F
0-1: Ball
1-1: Called Strike
1-2: Ball
2-2: Strikes out swinging
Batting: RHB Nick Madrigal 0-0: Ball
1-0: Ball
2-0: Foul Ball, location: 2F
2-1: Ball
3-1: SINGLE (Line Drive, 89M, EV 109.4 MPH)
Batting: RHB Starling Marte 0-0: Called Strike
0-1: Ball
1-1: SINGLE (Groundball, 4MD, EV 97.5 MPH)
Nick Madrigal to second
Batting: LHB Kolten Wong 0-0: Foul Ball, location: 2F
0-1: Ball
1-1: Fielders Choice at 2nd, 4-6 (Groundball, 34, EV 86.9 MPH)
Nick Madrigal to third
Pitching: RHP Brad Peacock
Batting: RHB Jake Marisnick 0-0: Fly out, F8 (Line Drive, 8LM, EV 91.9 MPH)
Bottom of the 8th over - 2 runs, 4 hits, 0 errors, 2 left on base; Chicago 1 - Detroit 15
TOP OF THE 9TH
Chicago White Sox batting - Pitching for Detroit Tigers : RHP Taylor Widener
Batting: LHB Charlie Tilson 0-0: Called Strike
0-1: DOUBLE (Flyball, 8LD, EV 98.8 MPH)
Batting: LHB Jason Heyward 0-0: Ball
1-0: Ball
2-0: SINGLE (Groundball, 34D, EV 102.5 MPH)
Charlie Tilson to third
Batting: LHB Andrew Toles 0-0: Called Strike
0-1: Foul Ball, location: 2F
0-2: Strikes out swinging
Batting: RHB Drew Jackson 0-0: Foul Ball, location: 2F
0-1: Called Strike
0-2: Ball
1-2: Strikes out swinging
Batting: LHB Nick Gordon 0-0: Fly out, F8 (Flyball, 8RD, EV 98.8 MPH)
Top of the 9th over - 0 runs, 2 hits, 0 errors, 2 left on base; Chicago 1 - Detroit 15
Monday, November 30th, 2020 - OOTP Baseball 21.6 Build 83